 Dungeon Crawl Stone Soup version 0.29.0-4-gdea44cf6ec (webtiles) character file.

Game seed: 17108693248916720823

39 FluffGlitter the Shooter (level 3, 0/31 HPs)
             Began as a Minotaur Hunter on Aug 27, 2022.
             Slain by Natasha (6 damage)
             ... on level 2 of the Dungeon.
             The game lasted 00:04:41 (926 turns).

FluffGlitter the Shooter (Minotaur Hunter)           Turns: 926, Time: 00:04:42

Health: 0/31       AC:  3    Str: 15    XL:     3   Next: 28%
Magic:  2/2        EV: 12    Int:  6    God:
Gold:   37         SH:  0    Dex: 15    Spells: 2/2 levels left

rFire   . . .      SeeInvis .   a - +0 shortbow
rCold   . . .      Faith    .   (shield currently unavailable)
rNeg    . . .      Spirit   .   c - +0 leather armour
rPois   .          Reflect  .   (helmet restricted)
rElec   .          Harm     .   (no cloak)
rCorr   .          Rampage  .   (no gloves)
Will    .....                   (no boots)
Stlth   ++........              (no amulet)
HPRegen 0.10/turn               (no ring)
MPRegen 0.08/turn               (no ring)

@: no status effects
A: horns 2, retaliatory headbutt
a: no special abilities


You were on level 2 of the Dungeon.
You visited 1 branch of the dungeon, and saw 3 of its levels.

You collected 37 gold pieces.

Inventory:

Hand Weapons
 a - a +0 shortbow (weapon)
 b - a +0 dagger
Armour
 c - a +0 leather armour (worn)
Scrolls
 e - a scroll of identify {unknown}
 f - a scroll of teleportation {unknown}
 g - a scroll of silence {unknown}
 h - a scroll of immolation
Potions
 d - a potion of heal wounds {unknown}


   Skills:
 + Level 3.0 Fighting
 * Level 4.9 Ranged Weapons
 + Level 2.7 Dodging
 + Level 1.4 Stealth


You had 2 spell levels left.
You didn't know any spells.
Your spell library was empty.

Dungeon Overview and Level Annotations

Branches:
Dungeon (3/15)

Altars:

Annotations:
D:2 Natasha


Innate Abilities, Weirdness & Mutations

You have a pair of horns on your head.
You reflexively headbutt those who attack you in melee.


Message History

You kill the rat!
a - a +0 shortbow (weapon)
You climb upwards.
There is a stone staircase leading down here.
HP restored.
There is a stone staircase leading down here.
Natasha, Servant of Life and Death comes into view.
She is carrying a wand of flame (8).
Natasha zaps a wand.
The puff of flame hits you!
Fire: a) +0 shortbow
Press: ? - help, Q - select action Shift-Dir - straight line, f - Natasha
Aim: Natasha, carrying a wand of flame (7) (55% to hit)
You shoot an arrow. The arrow hits Natasha.
Natasha is lightly wounded.
Fire: a) +0 shortbow
Press: ? - help, Q - select action Shift-Dir - straight line, f/p - Natasha
Aim: Natasha, carrying a wand of flame (7) (lightly wounded, 55% to hit)
You shoot an arrow. The arrow barely misses Natasha.
Natasha zaps a wand.
The puff of flame hits you!
Natasha stares at you and mumbles some strange words.
The magic dart hits you!
* * * LOW HITPOINT WARNING * * *
Okay, then.
Okay, then.
Fire: a) +0 shortbow
Press: ? - help, Q - select action Shift-Dir - straight line, f/p - Natasha
Aim: Natasha, carrying a wand of flame (6) (lightly wounded, 55% to hit)
You shoot an arrow. The arrow closely misses Natasha.
Natasha misses you.
Fire: a) +0 shortbow
Press: ? - help, Q - select action Shift-Dir - straight line, f/p - Natasha
Aim: Natasha, carrying a wand of flame (6) (lightly wounded, 55% to hit)
You shoot an arrow. The arrow hits Natasha.
Natasha is heavily wounded.
Natasha zaps a wand.
The puff of flame misses you.
Fire: a) +0 shortbow
Press: ? - help, Q - select action Shift-Dir - straight line, f/p - Natasha
Aim: Natasha, carrying a wand of flame (5) (moderately wounded, 55% to hit)
You shoot an arrow. The arrow barely misses Natasha.
Natasha claws you.
You die...

#.# #.# ..# #.#
..># #.####
##(.### ##...h#
........#
##..###.#
..##..#.#####..h#
... ..#........@#
##.#
#.#.######.##
#..###.#.# #.#
#..#.....######.#
#..#.#..........#
#.>#.###.######.#
#........# #.#
##.#.##########>#
#.#.##.........#


You could see Natasha.

Vanquished Creatures
  2 dart slugs (D:1)
  6 ball pythons (D:1)
  2 bats
  3 endoplasms
  6 goblins (D:1)
  4 hobgoblins (D:1)
  2 jackals (D:1)
  3 frilled lizards (D:1)
  4 rats
32 creatures vanquished.

Notes
Turn   | Place    | Note
-------+----------+-------------------------------------------
     0 | D:1      | FluffGlitter the Minotaur Hunter began the quest for the
                  | Orb.
     0 | D:1      | Reached XP level 1. HP: 18/18 MP: 0/0
    30 | D:1      | Reached skill level 1 in Stealth
   166 | D:1      | Reached XP level 2. HP: 25/25 MP: 1/1
   501 | D:1      | Reached XP level 3. HP: 30/30 MP: 2/2
   918 | D:2      | Noticed Natasha
   926 | D:2      | Slain by Natasha

Illustrated notes

Levels and vault maps discovered:
D:1:      scummos_arrival_simple_crosswalls, layout_basic
D:2:      layout_loops_ring, shapermc_ecumenical_altar_hornbeckon,
          chequers_serial_rivers_micro_b, uniq_natasha
D:3:      layout_basic, chequers_serial_rivers_micro_c, uniq_sigmund

Skill      XL: |  1  2  3 |
---------------+----------+-----
Stealth        | 1 |  1.4
Fighting       | 3 |  3.0
Ranged Weapons | |  4.9
Dodging        | |  2.7

Action                   || total
-------------------------++-------
Melee: Dagger            ||     2
 Fire: Shortbow          ||    70
Armor: Leather armour    ||     6
Dodge: Dodged            ||    16
